 Dungeon Crawl Stone Soup version 0.18.1-48-g4cf74bf (webtiles) character file.

2949 dvd the Twirler (level 9, -1/50 HPs)
             Began as a Gargoyle Gladiator on Aug 13, 2016.
             Was a Follower of Cheibriados.
             Killed from afar by torvon's ghost (24 damage)
             ... with an orb of energy
             ... on level 6 of the Dungeon.
             The game lasted 00:16:02 (5027 turns).

dvd the Twirler (Gargoyle Gladiator)                Turns: 5027, Time: 00:16:03

Health: -1/50      AC: 25    Str: 22    XL:     9   Next: 81%
Magic:  4/14       EV: 13    Int: 10    God:    Cheibriados [*.....]
Gold:   316        SH:  0    Dex: 15    Spells: 0 memorised, 14 levels left

rFire  . . .     SeeInvis .     x - +0 quarterstaff
rCold  . . .     Gourm    .     q - +2 scale mail {rPois}
rNeg   + . .     Faith    .     (shield currently unavailable)
rPois  ∞         Spirit   .     s - +0 helmet
rElec  +         Dismiss  .     E - +0 cloak
rCorr  .         Reflect  .     u - +2 pair of gloves
SustAt +         Harm     .     (no boots)
MR     .....                    G - amulet of regeneration
Stlth  ..........               y - ring of sustain attributes
                                e - +4 ring of protection

@: very slightly contaminated, drained, very slow, not resistant to hostile
enchantments, extremely unstealthy
A: hooves 2, frail 1, negative energy resistance 1, electricity resistance,
unbreathing, petrification resistance, rot immunity, AC +5
a: Bend Time, Renounce Religion


You were on level 6 of the Dungeon.
You worshipped Cheibriados.
Cheibriados was aware of your devotion.
You were very hungry.

You visited 2 branches of the dungeon, and saw 7 of its levels.
You also visited: Ossuary.

You collected 316 gold pieces.

Inventory:

Hand Weapons
 x - a +0 quarterstaff (weapon)
 B - a +0 morningstar
Missiles
 d - 2 throwing nets (quivered)
 A - 4 tomahawks
Armour
 b - a +0 leather armour
 c - a +0 helmet
 o - a +0 ring mail
 q - a +2 scale mail of poison resistance (worn)
 s - a +0 helmet (worn)
 u - a +2 pair of gloves (worn)
 E - a +0 cloak (worn)
Jewellery
 e - a +4 ring of protection (left hand)
 y - a ring of sustain attributes (right hand)
 G - an amulet of regeneration (around neck)
Wands
 v - a wand of lightning (14/15)
 w - a wand of iceblast (9/15)
Scrolls
 a - a scroll of noise {unknown}
 h - 10 scrolls of remove curse {unknown}
 l - a scroll of enchant armour
 n - 5 scrolls of identify
 t - 2 scrolls of recharging
 D - a scroll of vulnerability {unknown}
 I - 3 scrolls of magic mapping {unknown}
 J - 2 scrolls of brand weapon {unknown}
Potions
 i - a potion of haste
 j - 3 potions of magic
 p - a potion of heal wounds
 r - a potion of cure mutation
 z - 4 potions of curing
 H - a potion of brilliance
Books
 F - a book of Battle

   Spells                             Type                      Level
   a - Infusion                       Charms                       1
   b - Shroud of Golubria             Charms/Translocation         2
   c - Song of Slaying                Charms                       2
   d - Spectral Weapon                Hexes/Charms                 3
   e - Regeneration                   Charms/Necromancy            3
Comestibles
 f - 4 bread rations


   Skills:
 + Level 6.7(6.2) Fighting
 + Level 4.0(5.6) Maces & Flails
 + Level 7.1(7.2) Staves
 + Level 4.4(4.0) Throwing
 + Level 7.0(6.5) Armour
 + Level 6.6(6.1) Dodging
 + Level 2.3(1.9) Stealth
 + Level 3.4(3.0) Spellcasting
 + Level 4.3(3.9) Invocations


You had 14 spell levels left.
You didn't know any spells.

Dungeon Overview and Level Annotations

Branches:
Dungeon (6/15)             Temple (1/1) D:5

Altars:
Ashenzari
Cheibriados
Dithmenos
Elyvilon
Fedhas
Gozag
Kikubaaqudgha
Makhleb
Nemelex Xobeh
Okawaru
Pakellas
Qazlal
Ru
Sif Muna
Trog
Vehumet
Xom
Yredelemnul
Zin
The Shining One

Annotations:
D:6 torvon's ghost, novice DrCj


Innate Abilities, Weirdness & Mutations

You are resistant to torment.
Your stone body is resilient (AC +5).
You are immune to poison.
You resist negative energy.
You are resistant to electric shocks.
You can survive without breathing.
You are immune to petrification.
You are immune to rotting.
You have hoof-like feet.
You are frail (-10% HP).


Message History

You fail to use your ability.
You feel a little less agile now. Torvon's ghost barely misses you.
The flow of time bends around you.
Cheibriados rebukes torvon's ghost.
Torvon's ghost seems to slow down.
You feel slightly more hungry.
Torvon's ghost gestures at you while chanting.
The magic dart hits you!
You hit torvon's ghost but do no damage.
Your kick misses torvon's ghost.
Torvon's ghost is severely damaged.
You hit torvon's ghost but do no damage.
You kick torvon's ghost, but do no damage.
Torvon's ghost is severely damaged.
Torvon's ghost completely misses you.
You barely miss torvon's ghost. Your kick misses torvon's ghost.
Torvon's ghost is severely damaged.
Torvon's ghost casts a spell at you. The orb of energy hits you!
You die...

.###..#####..###....#
####........####....##
##....#########......###
.....## #...........#.
####.# ##............#
#.# #.....#'#..... #.#
###.....#.#..... #..
#.....###.###.#. ...
#..##..#.@W..#.#
......##...###.###
......#......#.#
.##...........###
##............
#...##......## #.##
##.....# ## #.###.#


You could see torvon's ghost.

Vanquished Creatures
  An ice beast (D:5)
  3 ogres
  2 black bears
  A wolf (shapeshifter) (D:4)
  An elf zombie (Ossuary)
  2 crimson imps
  3 hounds
  7 orc wizards
  Crazy Yiuf (D:4)
  2 orc priests
  A human zombie (Ossuary)
  Ijyb (D:3)
  Terence (D:2)
  An iguana (D:4)
  2 worker ants
  A hound zombie (D:4)
  4 mummies (Ossuary)
  A worker ant zombie (D:5)
  6 adders
  2 dart slugs (D:3)
  3 giant geckos
  11 orcs
  8 giant cockroaches
  3 goblins
  3 hobgoblins (D:3)
  2 jackals (D:4)
  7 bats
  A giant gecko zombie (D:5)
  4 giant newts
  2 gnoll zombies (Ossuary)
  3 hobgoblin zombies (Ossuary)
  4 jackal zombies (Ossuary)
  6 kobolds
  A kobold zombie (Ossuary)
  7 rats
108 creatures vanquished.

Vanquished Creatures (others)
  An orc wizard (D:4)
  An orc (D:3)
2 creatures vanquished.

Grand Total: 110 creatures vanquished

Notes
Turn   | Place    | Note
--------------------------------------------------------------
     0 | D:1      | dvd the Gargoyle Gladiator began the quest for the Orb.
     0 | D:1      | Reached XP level 1. HP: 12/12 MP: 1/1
   287 | D:1      | Reached XP level 2. HP: 17/17 MP: 2/2
   635 | D:2      | Noticed Terence
   643 | D:2      | Killed Terence
   643 | D:2      | Reached XP level 3. HP: 18/22 MP: 3/3
   928 | D:2      | Reached XP level 4. HP: 27/27 MP: 4/4
  1331 | D:3      | Noticed Ijyb
  1345 | D:3      | Killed Ijyb
  1345 | D:3      | Reached skill level 1 in Stealth
  1366 | D:3      | Reached skill level 1 in Armour
  1531 | D:3      | Reached XP level 5. HP: 27/32 MP: 5/5
  2321 | D:4      | Reached XP level 6. HP: 28/37 MP: 6/6
  2349 | D:5      | Entered Level 5 of the Dungeon
  2715 | D:4      | Found a glowing golden altar of the Shining One.
  2785 | D:4      | Noticed Crazy Yiuf
  2794 | D:4      | Killed Crazy Yiuf
  2794 | D:4      | Reached XP level 7. HP: 40/42 MP: 7/7
  3424 | D:5      | Found a staircase to the Ecumenical Temple.
  3433 | Temple   | Entered the Ecumenical Temple
  3538 | Temple   | Became a worshipper of Cheibriados the Contemplative
  3727 | D:5      | Reached skill level 5 in Staves
  3727 | D:5      | Reached XP level 8. HP: 31/48 MP: 8/8
  3880 | D:5      | Found a shimmering altar of Xom.
  3986 | D:5      | Reached skill level 5 in Dodging
  4564 | D:6      | Reached skill level 5 in Armour
  4736 | D:6      | Noticed torvon's ghost (novice DrCj)
  4747 | D:6      | Found a sand-covered staircase.
  4751 | Ossuary  | Entered an ossuary
  4802 | Ossuary  | Reached * piety under Cheibriados
  4980 | Ossuary  | Gained mutation: You are frail (-10% HP). [potion of mutation]
  4980 | Ossuary  | Gained mutation: You have large cloven feet. [potion of mutation]
  4980 | Ossuary  | Gained mutation: You have hoof-like feet. [potion of mutation]
  4983 | Ossuary  | Reached XP level 9. HP: 50/50 MP: 8/14
  5027 | D:6      | Killed from afar by torvon's ghost

Skill      XL: |  1  2  3  4  5  6  7  8 |
---------------+-------------------------+-----
Throwing       | 2 4 |  4.4
Dodging        | 3 4 6 |  6.6
Stealth        | 1 2 |  2.3
Armour         | 1 2 3 4 7 |  7.0
Fighting       | 3 4 6 |  6.7
Staves         | 4 5 7 |  7.1
Maces & Flails | 4 |  4.0
Spellcasting   | 3 |  3.4
Invocations    | 4 |  4.3

Action                   |  1- 3 |  4- 6 |  7- 9 || total
-------------------------+-------+-------+-------++-------
Melee: Quarterstaff      |    80 |   163 |   258 ||   501
       Morningstar       |       |       |     6 ||     6
       Kick              |       |       |    12 ||    12
Throw: Throwing net      |       |     2 |       ||     2
Invok: Bend Time         |       |       |     5 ||     5
  Use: Scroll            |       |       |     8 ||     8
       Potion            |       |       |    10 ||    10
 Stab: Held in net/web   |       |     1 |       ||     1
  Eat: Chunk             |       |     6 |     3 ||     9
       Meat ration       |       |       |     1 ||     1
Armor: Leather armour    |    10 |       |       ||    10
       Ring mail         |     2 |       |       ||     2
       Scale mail        |    51 |   127 |   237 ||   415
Dodge: Dodged            |    56 |   118 |   293 ||   467
